 Dungeon Crawl Stone Soup version 0.21-a0-504-g2eda330 (webtiles) character file.

4450 KristoblXynda the Slinger (level 10, -3/60 HPs)
             Began as a Halfling Hunter on Nov 25, 2017.
             Was a Follower of Dithmenos.
             Hit by a tomahawk thrown by an orc warrior (6 damage)
             ... on level 9 of the Dungeon.
             The game lasted 00:26:09 (11115 turns).

KristoblXynda the Slinger (Halfling Hunter)        Turns: 11115, Time: 00:26:10

Health: -3/60      AC:  6    Str: 13    XL:     10   Next: 63%
Magic:  13/13      EV: 17    Int: 10    God:    Dithmenos [*.....]
Gold:   507        SH:  0    Dex: 18    Spells: 9/9 levels left

rFire    + . .     SeeInvis .   r - +2 dagger (venom)
rCold    . . .     Gourm    +   (shield restricted)
rNeg     . . .     Faith    .   x - +0 leather armour {rF+}
rPois    .         Spirit   .   t - +1 helmet
rElec    .         Reflect  .   (no cloak)
rCorr    .         Harm     .   y - +0 pair of gloves
MR       .....                  (no boots)
Stlth    +++++.....             b - amulet of the gourmand
HPRegen  0.20/turn              c - +1 ring of evasion
MPRegen  0.13/turn              (no ring)

@: wreathed by umbra
A: small, mutation resistance 1, wild magic 1
a: Renounce Religion


You were on level 9 of the Dungeon.
You worshipped Dithmenos.
Dithmenos was aware of your devotion.
You were not hungry.

You visited 2 branches of the dungeon, and saw 10 of its levels.

You collected 507 gold pieces.

Inventory:

Hand Weapons
 a - a +2 hunting sling
 r - a +2 dagger of venom (weapon)
Missiles
 d - 47 sling bullets
 g - 208 stones (quivered)
Armour
 t - a +1 helmet (worn)
 x - a +0 leather armour of fire resistance (worn)
 y - a +0 pair of gloves (worn)
Jewellery
 b - an amulet of the gourmand (around neck)
 c - a +1 ring of evasion (left hand)
Wands
 z - a wand of iceblast (14)
 B - a wand of paralysis (7)
Scrolls
 h - 6 scrolls of teleportation
 j - a scroll of enchant armour
 k - 3 scrolls of magic mapping
 n - 2 scrolls of remove curse
 o - 3 scrolls of amnesia
 w - 2 scrolls of blinking
 C - a scroll of random uselessness {unknown}
Potions
 e - 2 potions of flight
 i - a potion of brilliance
 m - 2 potions of curing
 p - 3 potions of magic
 D - a potion of cancellation {unknown}
 E - a potion of might
 G - 3 potions of lignification {unknown}
 H - a potion of mutation
Books
 q - a Young Poisoner's Handbook

   Spells                             Type                      Level
   a - Sting                          Conjuration/Poison           1
   b - Poisonous Vapours              Poison/Air                   2
   c - Mephitic Cloud                 Conjuration/Poison/Air       3
   d - Olgreb's Toxic Radiance        Poison                       4
   e - Venom Bolt                     Conjuration/Poison           5
 v - a book of Death

   Spells                             Type                      Level
   a - Corpse Rot                     Necromancy                   2
   b - Sublimation of Blood           Necromancy                   2
   c - Agony                          Necromancy                   5
   d - Dispel Undead                  Necromancy                   5
   e - Excruciating Wounds            Charms/Necromancy            5
   f - Bolt of Draining               Conjuration/Necromancy       5
Comestibles
 f - 12 bread rations
 l - 4 fruits
 s - 6 meat rations
 u - 3 royal jellies


   Skills:
 - Level 1.7 Fighting
 - Level 5.2 Short Blades
 + Level 13.0 Slings
 - Level 4.3 Armour
 - Level 4.0 Dodging
 - Level 10.0 Stealth
 + Level 1.6 Invocations
 + Level 4.9 Evocations


You had 9 spell levels left.
You didn't know any spells.

Dungeon Overview and Level Annotations

Branches:
Dungeon (9/15)             Temple (1/1) D:7            Lair (0/6) D:9
    Orc (0/2) D:9

Altars:
Ashenzari
Cheibriados
Dithmenos
Elyvilon
Fedhas
Gozag
Hepliaklqana
Kikubaaqudgha
Makhleb
Nemelex Xobeh
Okawaru
Qazlal
Ru
Sif Muna
Trog
Uskayaw
Vehumet
Wu Jian
Xom
Yredelemnul
Zin
The Shining One

Annotations:
D:8 kal9871's ghost, novice CeHu


Innate Abilities, Weirdness & Mutations

You are small and have problems with some larger weapons.
You are somewhat resistant to further mutation.
Your spells are a little harder to cast, but a little more powerful.


Message History

The black bear closely misses you.
The black bear claws you but does no damage. x2
You hear a shout!
The black bear misses you. The black bear barely misses you. x2
You kill the black bear!
Dithmenos accepts your kill.
Your Slings skill increases to level 13!
Unknown command.
Okay, then.
Okay, then.
The orc throws a stone.
The stone barely misses you.
The orc throws a stone.
The stone misses you.
An orc warrior comes into view. It is wielding a flail.
The orc throws a stone.
The stone completely misses you.
You see here 3 stones.
The orc warrior throws a tomahawk.
The tomahawk barely misses you.
The orc throws a stone.
The stone barely misses you.
You see here a tomahawk.
The orc warrior throws a tomahawk.
The tomahawk hits you.
You die...

.......o.......# ...[... .!
#.............# ....... ..
#...o.o.....J.# ##...... ...
.#...........oo###....... ....
.#.##o##.### #†[.(.## #.# ....
....#o##.# ###.....# #.#####....
....#....####...###(###....t.# .P
..#.#..####..o###............# .P
..#.#...###..(.(@.##.####....# ..
.......ooo...#######.#.......###.
.....#).###.## #...........##
....##..#...#########............
....##....###......[....<.(....##
....##......#.....###.....###..ho
..#.##<...((.<.h...#........#.###
..#.............(..o(.._..#....>.
.#..#..................)...###...


You could see an orc warrior and an orc.

Vanquished Creatures
  An elephant (D:9)
  A troll (D:9)
  A hippogriff (D:4)
  A spriggan (D:7)
  A yak (D:9)
  A hungry ghost (D:8)
  Menkaure (D:5)
  3 orc warriors
  2 black bears
  2 phantoms
  A sky beast (D:7)
  4 ogres
  3 centaurs
  A crocodile (D:9)
  Blork the orc (D:5)
  A water moccasin zombie (D:7)
  A scorpion (D:7)
  A howler monkey (D:4)
  3 jellies
  4 crimson imps
  8 orc priests
  8 hounds
  7 orc wizards
  2 iguanas
  3 bullfrog skeletons
  5 worker ants
  2 killer bee zombies
  2 hound zombies
  A hound skeleton (D:6)
  Robin (D:2)
  A howler monkey zombie (D:8)
  5 gnolls
  11 adders
  An ooze (D:3)
  An adder zombie (D:7)
  An adder skeleton (D:7)
  A worm (D:4)
  2 dart slugs
  6 leopard geckos
  25 orcs
  A ball python (D:1)
  11 giant cockroaches
  9 goblins
  8 hobgoblins
  9 jackals
  7 quokkas
  9 bats
  5 frilled lizards
  A jackal skeleton (D:5)
  14 kobolds
  A leopard gecko skeleton (D:5)
  A leopard gecko zombie (D:5)
  5 rats
208 creatures vanquished.

Notes
Turn   | Place    | Note
-------+----------+-------------------------------------------
     0 | D:1      | KristoblXynda the Halfling Hunter began the quest for the Orb.
     0 | D:1      | Reached XP level 1. HP: 14/14 MP: 1/1
    76 | D:1      | Reached skill level 6 in Slings
   105 | D:1      | Reached XP level 2. HP: 17/19 MP: 2/2
   129 | D:1      | Reached skill level 1 in Short Blades
   228 | D:1      | Reached XP level 3. HP: 24/24 MP: 3/3
   548 | D:2      | Noticed Robin
   773 | D:2      | Reached XP level 4. HP: 29/29 MP: 4/4
   911 | D:2      | Found a hide-covered altar of Uskayaw.
   916 | D:2      | Noticed a hand axe
   917 | D:2      | Noticed a hand axe
   946 | D:2      | Found a bloodstained altar of Trog.
  1105 | D:2      | Found a faded altar of an unknown god.
  1363 | D:2      | Killed Robin
  1898 | D:3      | Reached XP level 5. HP: 26/34 MP: 5/5
  2163 | D:3      | Reached skill level 7 in Slings
  2506 | D:3      | Reached XP level 6. HP: 34/39 MP: 6/6
  2867 | D:4      | Reached skill level 8 in Slings
  2867 | D:4      | Reached XP level 7. HP: 22/44 MP: 7/7
  3250 | D:4      | Found a blossoming altar of Fedhas.
  3250 | D:4      | Found a hazy altar of Hepliaklqana.
  3320 | D:4      | Found a burning altar of Makhleb.
  3373 | D:4      | Noticed a hippogriff
  3399 | D:4      | Killed a hippogriff
  3399 | D:4      | Reached skill level 5 in Short Blades
  3399 | D:4      | Reached skill level 5 in Stealth
  4165 | D:5      | Entered Level 5 of the Dungeon
  4197 | D:5      | Noticed Blork the orc
  4239 | D:5      | Killed Blork the orc
  4239 | D:5      | Reached skill level 1 in Armour
  4255 | D:5      | Reached skill level 9 in Slings
  4255 | D:5      | Reached XP level 8. HP: 23/49 MP: 8/8
  5189 | D:5      | Reached skill level 10 in Slings
  5334 | D:5      | Found a bloodstained altar of Trog.
  5418 | D:5      | Found a basalt altar of Yredelemnul.
  5505 | D:5      | Noticed Menkaure
  5521 | D:5      | Killed Menkaure
  5521 | D:5      | Reached XP level 9. HP: 38/54 MP: 9/9
  5538 | D:5      | Found a sparkling altar of Nemelex Xobeh.
  6297 | D:6      | Reached skill level 11 in Slings
  6539 | D:7      | Found an iron altar of Okawaru.
  6540 | D:7      | Found a shattered altar of Ashenzari.
  6600 | D:7      | Found a radiant altar of Vehumet.
  6830 | D:7      | Reached skill level 1 in Evocations
  7187 | D:7      | Found a staircase to the Ecumenical Temple.
  7201 | Temple   | Entered the Ecumenical Temple
  7270 | Temple   | Became a worshipper of Dithmenos the Shadowed
  7504 | D:7      | Gained mutation: Your spells are a little harder to cast, but a little more powerful. [potion of mutation]
  8559 | D:8      | Reached XP level 10. HP: 57/60 MP: 10/12
  8599 | D:8      | Reached skill level 12 in Slings
  8689 | D:8      | Reached * piety under Dithmenos
  9215 | D:8      | Noticed kal9871's ghost (novice CeHu)
  9245 | D:8      | HP: 3/60 [kal9871's ghost (4)]
 10011 | D:9      | Found a glowing golden altar of the Shining One.
 10055 | D:9      | Found a staircase to the Lair.
 10055 | D:9      | Noticed an elephant
 10623 | D:9      | Found a staircase to the Orcish Mines.
 10665 | D:9      | Reached skill level 10 in Stealth
 11011 | D:9      | Killed an elephant
 11011 | D:9      | Reached skill level 1 in Invocations
 11091 | D:9      | Noticed a two-headed ogre
 11105 | D:9      | HP: 1/60 [black bear (4)]
 11109 | D:9      | Reached skill level 13 in Slings
 11115 | D:9      | Hit by a tomahawk thrown by an orc warrior

Vault maps used:
D:1:      lightli_arrival_noodles, minmay_tetromino_s4
D:2:      lemuel_crystal_altar, dancing_weapons_uskayaw,
          chequers_ecumenical_altar_simple, uniq_robin
D:3:      kennysheep_six_static_rooms, minmay_misc_feat_rugged,
          cheibrodos_gnoll_hut
D:4:      nicolae_overflow_hidden_temple, amethyst_overflow_temple_binary,
          grunt_ministairs_3
D:5:      yredelemnul_altar_generic, nemelex_xobeh_ov_fountains_minmay,
          first_bread, corexii_checkpoint_a, trog_butcher_becter, uniq_menkaure,
          uniq_blork_the_orc
D:7:      grunt_temple_overflow_open, minmay_temple_entry_glassed_door,
          the_bakery, vehumet_altar_wand_db
D:8:      minivault_27
D:9:      david_lair_generic, david_orc_3, basic_altar, grunt_decor_arrowhead
Temple:   nicolae_temple_god_jail

Skill      XL: |  1  2  3  4  5  6  7  8  9 10 |
---------------+-------------------------------+-----
Slings         | 6 7 8 9 10 11 13 | 13.0
Short Blades   | 1 2 3 4 5 |  5.2
Stealth        | 2 3 4 5 7 9 10 | 10.0
Armour         | 1 4 |  4.3
Dodging        | 4 |  4.0
Evocations     | 2 4 |  4.9
Invocations    | 1 |  1.6
Fighting       | |  1.7

Action                   |  1- 3 |  4- 6 |  7- 9 | 10-12 || total
-------------------------+-------+-------+-------+-------++-------
Melee: Short sword       |    32 |    26 |       |       ||    58
       Dagger            |       |   116 |   413 |   172 ||   701
 Fire: Hunting sling     |    55 |    24 |   181 |   109 ||   369
Throw: Stone             |       |       |       |     1 ||     1
Evoke: Wand              |       |       |     1 |     1 ||     2
  Use: Scroll            |     1 |    10 |     7 |     3 ||    21
       Potion            |       |     4 |     2 |     2 ||     8
 Stab: Sleeping          |     4 |     6 |     9 |       ||    19
       Paralysed         |       |       |     1 |       ||     1
       Distracted        |       |       |       |     1 ||     1
  Eat: Chunk             |       |    15 |    16 |    10 ||    41
       Royal jelly       |       |       |       |     1 ||     1
Armor: Leather armour    |     8 |    23 |    91 |    24 ||   146
       Ring mail         |       |       |    14 |       ||    14
Dodge: Dodged            |    32 |    86 |   258 |   151 ||   527

Table legend:
 A = Spawn XP
 B = Non-spawn XP
 C = Spawn XP percentage of total XP
 D = Spawn monster count
 E = Non-spawn monster count
 F = Spawn count percentage of total count
 G = Total turns spent on level
                    A         B        C        D         E        F      G
               +---------+---------+-------+---------+---------+-------+---------
         Total |       0 |    6358 |   0.0 |       0 |     208 |   0.0 | 11115
               +---------+---------+-------+---------+---------+-------+---------
           D:1 |       0 |      34 |   0.0 |       0 |      19 |   0.0 |   516
           D:2 |       0 |      73 |   0.0 |       0 |      27 |   0.0 |   985
           D:3 |       0 |     199 |   0.0 |       0 |      23 |   0.0 |  1070
           D:4 |       0 |     564 |   0.0 |       0 |      20 |   0.0 |  1594
           D:5 |       0 |    1317 |   0.0 |       0 |      44 |   0.0 |  1739
           D:6 |       0 |     480 |   0.0 |       0 |      13 |   0.0 |   599
           D:7 |       0 |    1016 |   0.0 |       0 |      25 |   0.0 |  1477
           D:8 |       0 |    1123 |   0.0 |       0 |      23 |   0.0 |  2209
           D:9 |       0 |    1552 |   0.0 |       0 |      14 |   0.0 |   839
               +---------+---------+-------+---------+---------+-------+---------
